 Dungeon Crawl Stone Soup version 0.31-a0-1237-gabc64e778c (webtiles) character file.

Game seed: 10445573256930125065

657 Firecrotchwizard the Cleaver (level 7, -2/62 HPs)
             Began as a Hill Orc Monk on Dec 16, 2023.
             Was a Believer of Beogh.
             Slain by Prince Ribbit (13 damage)
             ... on level 5 of the Dungeon.
             The game lasted 00:10:17 (3571 turns).

Firecrotchwizard the Cleaver (Hill Orc Monk)        Turns: 3571, Time: 00:10:17

Health: -2/62      AC: 10    Str: 16    XL:     7   Next: 55%
Magic:  10/10      EV:  7    Int: 10    God:    Beogh [**....]
Gold:   168        SH:  0    Dex: 13    Spells: 6/6 levels left

rFire   . . .        s - +1 dagger (elec)
rCold   . . .        d - orb {light}
rNeg    . . .        w - +0 chain mail
rPois   .            u - +0 helmet
rElec   .            (no cloak)
rCorr   .            (no gloves)
SInv    .            k - +0 pair of boots
Will    .....        (no amulet) Stlth
                     (no ring)
HPRegen 0.30/turn    (no ring)
MPRegen 0.12/turn

%: no passive effects
@: glowing
A: no striking features
a: Renounce Religion, Smiting


You were on level 5 of the Dungeon.
You worshipped Beogh.
Beogh was pleased with you.
You visited 1 branch of the dungeon, and saw 5 of its levels.

You collected 168 gold pieces.

Inventory:

Hand Weapons
 a - a +0 hand axe
 s - a +1 dagger of electrocution (weapon)
 x - a +0 war axe
Missiles
 i - 2 poisoned darts
Armour
 b - a +0 robe
 d - an orb of light (worn)
 e - a +0 scale mail
 k - a +0 pair of boots (worn)
 u - a +0 helmet (worn)
 w - a +0 chain mail (worn)
Jewellery
 h - a ring of poison resistance
Wands
 n - a wand of iceblast (12)
 v - a wand of digging (7)
Scrolls
 f - 7 scrolls of identify {unknown}
 g - a scroll of vulnerability {unknown}
 j - 3 scrolls of teleportation {unknown}
 l - a scroll of noise {unknown}
 p - 2 scrolls of enchant armour {unknown}
 q - a scroll of brand weapon {unknown}
Potions
 c - a potion of ambrosia
 m - a potion of might {unknown}
 o - a potion of haste {unknown}
 r - a potion of degeneration {unknown}
 t - a potion of curing {unknown}


   Skills:
 + Level 5.9 Fighting
 * Level 8.4 Axes
 - Level 2.4 Dodging
 + Level 5.0 Invocations


You had 6 spell levels left.
You didn't know any spells.
Your spell library contained the following spells:

 Spells                   Type           Power      Damage    Failure   Level
 Hailstorm                Conj/Ice       0%         3d5       100%        3
 Inner Flame              Hex/Fire       0%         N/A       100%        3
 Flame Wave               Conj/Fire      0%         2d4       100%        4
 Sticky Flame             Conj/Fire      0%         2d3       100%        4
 Summon Ice Beast         Ice/Summ       0%         N/A       100%        4
 Simulacrum               Ice/Necr       0%         N/A       100%        6


Dungeon Overview and Level Annotations

Branches:
Dungeon (5/15)
 Temple: D:4-7

Altars:
Elyvilon

Annotations:
D:3 1 runed translucent door, Crazy Yiuf
D:5 Prince Ribbit


Message History

You kill the orc wizard!
Beogh accepts your kill. The orc hits you but does no damage.
You have reached level 7!
You hit the orc. Lightning courses through the orc!!
You kill the orc!
Beogh accepts your kill.
There is an escape hatch in the floor, spattered with blood here.
You see here a +0 short sword.
You now have 160 gold pieces (gained 6).
You now have 168 gold pieces (gained 8).
An adder comes into view.
The adder hisses angrily.
You closely miss the adder.
The adder bites you but does no damage. x2
You closely miss the adder. The adder bites you.
You barely miss the adder. The adder bites you but does no damage.
You hit the adder but do no damage. Lightning courses through the adder!
You kill the adder!
Beogh accepts your kill.
Found 3 large rocks.
Sigmund the Dreaded comes into view.
He is wielding a +0 scythe.
Sigmund shouts!
An iguana comes into view.
The iguana hisses angrily.
Sigmund whispers, "You'll know eternity soon."
Sigmund is suddenly surrounded by pale green light.
Sigmund hits you from afar with a +0 scythe!
Aiming: Iceblast
Press: ? - help, Shift-Dir - straight line, f - iguana
Aim: an iguana (haloed)
The mass of ice explodes!
The iceblast engulfs the iguana!
The iguana is severely wounded.
The iceblast engulfs Sigmund!
Sigmund is moderately wounded.
Okay, then.
You hit the iguana. Lightning courses through the iguana!
You kill the iguana!
Beogh accepts your kill.
Sigmund mumbles some strange words.
Sigmund flickers and vanishes for a moment.
Aiming: Iceblast
Press: ? - help, Shift-Dir - straight line, f - Sigmund
Aim: Sigmund, wielding a +0 scythe and wearing a +0 robe (moderately wounded, slightly transparent, haloed)
The mass of ice explodes!
The iceblast engulfs Sigmund!
Sigmund is severely wounded.
Sigmund hits you with a +0 scythe.
You hit Sigmund.
Sigmund is severely wounded.
Sigmund barely misses you.
You hit Sigmund but do no damage.
Sigmund is severely wounded.
You hit Sigmund.
Sigmund is severely wounded.
Sigmund barely misses you.
You hit Sigmund but do no damage.
Sigmund is severely wounded.
Sigmund barely misses you.
You hit Sigmund. Lightning courses through Sigmund!
You kill Sigmund!
Beogh accepts your kill.
Your Axes skill increases to level 8!
Your Invocations skill increases to level 5!
Things that are here:
a +0 scythe; a +0 robe Prince Ribbit comes into view.
You hit Prince Ribbit.
Prince Ribbit is lightly wounded.
Prince Ribbit hits you!
You hit Prince Ribbit.
Lightning courses through Prince Ribbit!
Prince Ribbit is heavily wounded.
Prince Ribbit hits you!
Prince Ribbit blinks!
Prince Ribbit blinks!
Prince Ribbit blinks!
You start resting.
Prince Ribbit is nearby!
Prince Ribbit is nearby!
Prince Ribbit croaks regally.
You hit Prince Ribbit but do no damage.
Prince Ribbit is moderately wounded.
Prince Ribbit hits you!
* * * LOW HITPOINT WARNING * * *
Prince Ribbit barely misses you.
You hit Prince Ribbit.
Lightning courses through Prince Ribbit!
Prince Ribbit is severely wounded.
Prince Ribbit closely misses you.
You closely miss Prince Ribbit.
Prince Ribbit is severely wounded.
Prince Ribbit hits you but does no damage.
You hit Prince Ribbit.
Prince Ribbit is almost dead.
Prince Ribbit hits you but does no damage.
Prince Ribbit hits you!
* * * LOW HITPOINT WARNING * * *
You closely miss Prince Ribbit.
Prince Ribbit is almost dead.
Prince Ribbit hits you!
You die...

# #)# .. #
#.#####.# #
##.......# #
#..####### # #.##
### #.# ..#
######## #.# #.#
#......# #F#
#.#####.####.# #@#
#.......####.###.#
#.####..##.......#
#.#........#.#####
#...##..####.#
#.####.......#
#.####.#######
#......# ########


You could see Prince Ribbit.

Vanquished Creatures
  Sigmund (D:5)
  An ice beast (D:5)
  Blork the orc (D:5)
  A scorpion (D:3)
  2 iguanas
  2 orc wizards (D:5)
  Robin (D:4)
  4 adders
  3 gnolls (D:2)
  2 worms
  2 dart slugs
  10 orcs
  3 ball pythons
  8 endoplasms
  4 giant cockroaches
  11 goblins
  8 hobgoblins
  6 jackals
  2 kobolds (D:1)
  A quokka (D:4)
  A frilled lizard (D:2)
  2 rats
76 creatures vanquished.

Notes
Turn   | Place    | Note
-------+----------+-------------------------------------------
     0 | D:1      | Firecrotchwizard the Hill Orc Monk began the quest for the
                  | Orb.
     0 | D:1      | Reached XP level 1. HP: 19/19 MP: 1/1
    91 | D:1      | Reached XP level 2. HP: 27/27 MP: 2/2
    95 | D:1      | Reached skill level 1 in Invocations
   262 | D:1      | You fall into a shaft and drop 1 floor!
   262 | D:2      | Found a white marble altar of Elyvilon.
   281 | D:2      | Reached XP level 3. HP: 32/33 MP: 4/4
   352 | D:2      | Reached skill level 5 in Axes
   437 | D:2      | Reached XP level 4. HP: 31/40 MP: 5/5
  1461 | D:3      | Became a worshipper of Beogh the Brigand
  1461 | D:3      | Reached * piety under Beogh
  1461 | D:3      | Reached ** piety under Beogh
  1488 | D:3      | Found a runed translucent door.
  1489 | D:3      | Noticed Crazy Yiuf
  1589 | D:3      | Noticed a scorpion
  1622 | D:3      | Killed a scorpion
  1623 | D:3      | Reached skill level 6 in Axes
  1623 | D:3      | Reached XP level 5. HP: 34/47 MP: 5/7
  2030 | D:4      | Noticed Robin
  2058 | D:4      | Killed Robin
  2752 | D:4      | Reached skill level 5 in Fighting
  2752 | D:4      | Reached XP level 6. HP: 23/56 MP: 8/8
  3077 | D:5      | Entered Level 5 of the Dungeon
  3077 | D:5      | Noticed an ice beast
  3092 | D:5      | Killed an ice beast
  3093 | D:5      | Reached skill level 7 in Axes
  3246 | D:5      | Noticed Blork the orc
  3256 | D:5      | Killed Blork the orc
  3395 | D:5      | Reached XP level 7. HP: 50/61 MP: 10/10
  3530 | D:5      | Noticed Sigmund
  3543 | D:5      | Killed Sigmund
  3544 | D:5      | Reached skill level 8 in Axes
  3544 | D:5      | Reached skill level 5 in Invocations
  3545 | D:5      | Noticed Prince Ribbit
  3571 | D:5      | Slain by Prince Ribbit

Illustrated notes

Levels and vault maps discovered:
D:1:      lemuel_arrival_room, layout_basic, serial_curves, eino_curves_03,
          eino_curves_04, minmay_misc_feat_doors, minmay_tripent
D:2:      layout_basic, basic_altar
D:3:      layout_basic, nrook_campfire, grunt_ministairs_12,
          uniq_crazy_yiuf_cottage
D:4:      layout_basic, uniq_robin
D:5:      layout_loops_cross, nicolae_overflow_crystal_walls,
          minmay_temple_entry_hall, bh_walls_and_bars, uniq_sigmund,
          uniq_eustachio, uniq_prince_ribbit1, uniq_blork_the_orc

Skill      XL: |  1  2  3  4  5  6  7 |
---------------+----------------------+-----
Invocations    | 1 2 3 4 5 |  5.0
Fighting       | 4 5 |  5.9
Axes           | 5 6 7 8 |  8.4
Dodging        | |  2.4

Action                     |  1- 3 |  4- 6 |  7- 9 || total
---------------------------+-------+-------+-------++-------
  Melee: Dagger            |    89 |   202 |    18 ||   309
 Invoke: Convert to Beogh  |       |     1 |       ||     1
         Smiting           |       |     1 |       ||     1
  Evoke: Wand              |       |       |     2 ||     2
 Armour: Scale mail        |    65 |    68 |       ||   133
         Chain mail        |       |    83 |    13 ||    96
  Dodge: Dodged            |    46 |    95 |     5 ||   146

Table legend: (Time is in decaauts)
 A = Elapsed time spent in this place.
 B = Non-inter-level travel time spent in this place.
 C = Inter-level travel time spent in this place.
 D = Time resting spent in this place.
 E = Time spent auto-exploring this place.
 F = Levels seen in this place.
 G = Mean time per level.
                   A        B        C        D        E       F      G
               +--------+--------+--------+--------+--------+-----+--------+
         Total |   3570 |   3492 |     78 |    128 |   2653 |   5 |  714.0 |
       Dungeon |   3570 |   3492 |     78 |    128 |   2653 |   5 |  714.0 |
               +--------+--------+--------+--------+--------+-----+--------+

Top non-repeatable levels by time:
     D:3: 1138 daAuts
     D:4: 1049 daAuts
     D:2: 627 daAuts
     D:5: 493 daAuts
     D:1: 261 daAuts
